 Dungeon Crawl Stone Soup version 0.27.1-33-g824d729ab1 (webtiles) character file.

Game seed: 2520980071412513620

473 unlimited1921 the Ogre Mage (level 7, 0/59 HPs)
             Began as an Ogre Fire Elementalist on Dec 2, 2021.
             Slain by a kobold (3 damage)
             ... on level 4 of the Dungeon on Dec 3, 2021.
             The game lasted 00:20:47 (8426 turns).

unlimited1921 the Ogre Mage (OgFE)                  Turns: 8426, Time: 00:20:52

Health: 0/59       AC:  4    Str: 20    XL:     7   Next: 10%
Magic:  5/14       EV:  9    Int: 17    God:
Gold:   171        SH:  0    Dex:  9    Spells: 11/15 levels left

rFire    + . .     SeeInvis .   j - +1 short sword (vamp)
rCold    x . .     Faith    .   (no shield)
rNeg     . . .     Spirit   .   a - +0 robe
rPois    .         Reflect  .   (helmet restricted)
rElec    .         Harm     .   b - +0 cloak
rCorr    .         Rampage  .   (gloves unavailable)
Will     .....                  (boots unavailable)
Stlth    ++........             (no amulet)
HPRegen  0.19/turn              c - ring of fire
MPRegen  0.14/turn              m - +6 ring of strength

@: no status effects
A: large, unfitting armour, tough skin 1
a: no special abilities


You were on level 4 of the Dungeon.
You visited 1 branch of the dungeon, and saw 4 of its levels.

You collected 171 gold pieces.

Inventory:

Hand Weapons
 i - a +0 dagger
 j - a +1 vampiric short sword (weapon)
 n - a +0 rapier
 r - a +0 hand axe
 t - a +0 glaive
Missiles
 e - 2 curare-tipped darts
 f - 65 bolts
 l - 15 arrows
 o - 18 poisoned darts (quivered)
Armour
 a - a +0 robe (worn)
 b - a +0 cloak (worn)
Jewellery
 c - a ring of fire (left hand)
 m - a +6 ring of strength (right hand)
Scrolls
 g - 2 scrolls of teleportation {unknown}
 h - a scroll of immolation
 p - a scroll of noise
Potions
 k - 8 potions of curing {unknown}
 q - a potion of might {unknown}
 s - a potion of flight {unknown}
 u - a potion of berserk rage {unknown}
 v - a potion of mutation {unknown}
 w - a potion of lignification
 x - a potion of heal wounds {unknown}


   Skills:
 * Level 1.9 Throwing
 + Level 1.7 Dodging
 + Level 2.1 Stealth
 + Level 4.9 Spellcasting
 - Level 2.4 Conjurations
 * Level 1.3 Hexes
 * Level 4.4 Fire Magic


You had 11 spell levels left.
You knew the following spells:

 Your Spells              Type           Power      Damage    Failure   Level
a - Foxfire               Conj/Fire      96%        2x1d8     3%          1
b - Inner Flame           Hex/Fire       21%        N/A       13%         3

Your spell library contained the following spells:

 Spells                   Type           Power      Damage    Failure   Level
 Conjure Flame            Conj/Fire      24%        6-21      11%         3
 Sublimation of Blood     Necr           2%         N/A       22%         2
 Wereblood                Tmut           4%         N/A       22%         2
 Sticky Flame             Conj/Fire      24%        2d5       34%         4
 Fireball                 Conj/Fire      12%        3d7       67%         5
 Summon Hydra             Summ           2%         N/A       100%        7


Dungeon Overview and Level Annotations

Branches:
Dungeon (4/15)
 Temple: D:4-7

Altars:
Xom

Shops:
D:2 =

Annotations:
D:4 reversiblehash's ghost, novice MiFi


Innate Abilities, Weirdness & Mutations

You are too large for most types of armour.
You have tough skin. (AC +1)


Message History

You feel sick.
The foxfire hits reversiblehash's ghost but does no damage.
Reversiblehash's ghost is lightly damaged.
Casting: Foxfire (safe; 3% risk of failure)
Confirm with . or Enter, or press ? or * to list all spells.
You feel a surge of power!
You conjure some foxfire!
You feel sick. The kobold barely misses you.
The foxfire hits the kobold!
You kill the kobold!
Reversiblehash's ghost closely misses you.
You feel sick.
The foxfire hits reversiblehash's ghost but does no damage.
Reversiblehash's ghost is lightly damaged.
Casting: Foxfire (safe; 3% risk of failure)
Confirm with . or Enter, or press ? or * to list all spells.
You feel a surge of power!
You conjure some foxfire!
You feel sick.
The kobold hits you with a +0 rapier of chaos.
* * * LOW HITPOINT WARNING * * *
Reversiblehash's ghost hits you but does no damage.
You feel sick.
The foxfire hits reversiblehash's ghost.
Reversiblehash's ghost is moderately damaged.
Casting: Foxfire (safe; 3% risk of failure)
Confirm with . or Enter, or press ? or * to list all spells.
You feel a surge of power!
You conjure some foxfire!
You feel sick.
The kobold hits you with a +0 rapier of chaos.
* * * LOW HITPOINT WARNING * * *
You feel your power leaking away.
Reversiblehash's ghost barely misses you.
Your foxfire dissipates!
You feel sick.
The foxfire hits reversiblehash's ghost.
Reversiblehash's ghost is moderately damaged.
Casting: Foxfire (safe; 3% risk of failure)
Confirm with . or Enter, or press ? or * to list all spells.
You feel a surge of power!
You conjure some foxfire!
You feel sick.
You are no longer poisoned.
The kobold hits you with a +0 rapier of chaos.
* * * LOW HITPOINT WARNING * * *
The kobold freezes you.
You die...

#####.#.### #..<.##.#.#....#
..........#
#.......#.#.########
#.###.#.### #.#..##...#.# #...
#.###.#.# #.#..###..#.# #...
......#.######.#..#
#..#.#####...
#.................#
##.......'...
#####.#...........#
#...#####... ####..####.#v.##
#...# #... #...#.##.#@§.#
#...#####... ##...#.##v#Kv##
#..>....#... #...##....KW##
#.#.....#...
#...##.##KK######.#.....#...
##...##.....)...##)#.....#...
###...###.##).###.##.#.....#...
###.....#
#.....###.##.#.##'#####
#......##
##....[#.....###≈.#'.# .....###
#.#...##.##.#≈≈≈.##.#


You could see a kobold brigand, reversiblehash's ghost and 3 kobolds.

Vanquished Creatures
  A black bear (D:4)
  A necrophage (D:4)
  A water moccasin skeleton (D:4)
  2 iguanas
  Terence (D:2)
  8 adders
  3 gnolls (D:4)
  A worm (D:3)
  4 dart slugs
  2 orcs
  8 endoplasms
  A giant cockroach (D:1)
  4 goblins
  4 hobgoblins
  2 jackals (D:3)
  3 quokkas
  6 ball pythons
  7 bats
  2 frilled lizards (D:2)
  8 kobolds
  6 rats
75 creatures vanquished.

Vanquished Creatures (others)
  277 foxfires
  4 fungi (D:4)
281 creatures vanquished.

Grand Total: 356 creatures vanquished

Notes
Turn   | Place    | Note
-------+----------+-------------------------------------------
     0 | D:1      | unlimited1921 the Ogre Fire Elementalist began the quest
                  | for the Orb.
     0 | D:1      | Reached XP level 1. HP: 16/16 MP: 3/3
   546 | D:1      | Reached skill level 1 in Conjurations
   994 | D:1      | Reached XP level 2. HP: 24/24 MP: 2/5
  3046 | D:1      | Reached XP level 3. HP: 31/31 MP: 1/7
  3204 | D:1      | Learned a level 3 spell: Inner Flame
  3566 | D:2      | Reached XP level 4. HP: 39/39 MP: 3/8
  3710 | D:2      | Found a faded altar of an unknown god.
  4008 | D:2      | Noticed Terence
  4016 | D:2      | Killed Terence
  4024 | D:2      | Found Uriat's Jewellery Boutique.
  5344 | D:3      | Reached XP level 5. HP: 36/45 MP: 5/10
  7329 | D:4      | Reached skill level 1 in Throwing
  7400 | D:4      | Reached XP level 6. HP: 52/53 MP: 9/12
  7621 | D:4      | Found a shimmering altar of Xom.
  7645 | D:4      | Noticed a necrophage
  7650 | D:4      | Killed a necrophage
  7651 | D:4      | Reached skill level 1 in Hexes
  7716 | D:4      | Found a runed translucent gate.
  7716 | D:4      | Found a runed translucent gate.
  7716 | D:4      | Found a runed translucent gate.
  7719 | D:4      | Noticed reversiblehash's ghost (novice MiFi)
  7804 | D:4      | Noticed a black bear
  7810 | D:4      | Killed a black bear
  7811 | D:4      | Reached XP level 7. HP: 59/59 MP: 8/14
  8426 | D:4      | Slain by a kobold

Illustrated notes

Levels and vault maps discovered:
D:1:      minmay_arrival_plants_in_alcoves, layout_loops_ring
D:2:      layout_loops_ring, chequers_ecumenical_altar_simple_redux,
          serial_shops, nicolae_shop_window_shopping, chequers_mini_garden,
          uniq_terence
D:3:      layout_loops_cross, minmay_crystal_room, corexii_corridor_pit
D:4:      layout_basic, kennysheep_mini, serial_curves, eino_curves_04,
          eino_curves_03, gammafunk_ghost_nasty_kobolds, kennysheep_nondescript,
          bh_walls_and_bars

Skill      XL: |  1  2  3  4  5  6 |
---------------+-------------------+-----
Conjurations   | 1 2 |  2.4
Fire Magic     | 3 4 |  4.4
Spellcasting   | 3 4 |  4.9
Throwing       | 1 |  1.9
Stealth        | 2 |  2.1
Hexes          | 1 |  1.3
Dodging        | |  1.7

Action                   |  1- 3 |  4- 6 |  7- 9 || total
-------------------------+-------+-------+-------++-------
Melee: Unarmed           |     2 |       |       ||     2
       Dagger            |     1 |       |       ||     1
       Short sword       |       |     1 |       ||     1
 Cast: Foxfire           |    62 |   103 |    13 ||   178
  Use: Scroll            |       |     3 |       ||     3
Armor: Robe              |     4 |     2 |     3 ||     9
Dodge: Dodged            |     4 |     1 |     5 ||    10
